 Dungeon Crawl Stone Soup version 0.19.1-1-g22dce08 (webtiles) character file.

586 dngmouse the Chopper (level 7, 0/66 HPs)
             Began as a Deep Dwarf Fighter on Jan 11, 2017.
             Was an Initiate of Makhleb.
             Slain by Duvessa
             ... wielding a +0 rapier
              (14 damage)
             ... on level 4 of the Dungeon.
             The game lasted 00:17:36 (3442 turns).

dngmouse the Chopper (Deep Dwarf Fighter)           Turns: 3442, Time: 00:17:36

Health: 0/66       AC: 13    Str: 20 (21) XL:     7   Next: 15%
Magic:  10/10      EV:  3    Int:  9      God:    Makhleb [......]
Gold:   128        SH:  9    Dex: 12      Spells: 0 memorised, 6 levels left

rFire  . . .     SeeInvis .     a - +0 war axe
rCold  . . .     Gourm    .     x - +0 plate armour
rNeg   . . .     Faith    .     c - +0 shield
rPois  .         Spirit   .     m - +0 hat
rElec  .         Reflect  .     (no cloak)
rCorr  .         Harm     .     (no gloves)
MR     +....                    s - +1 pair of boots
Stlth  ..........               (no amulet)
                                (no ring)
                                (no ring)

@: non-regenerating, glowing
A: damage resistance, recharge devices, sense surroundings 1, slow regeneration
3
a: Device Recharging, Renounce Religion


You were on level 4 of the Dungeon.
You worshipped Makhleb.
Makhleb was noncommittal.
You were not hungry.

You visited 2 branches of the dungeon, and saw 5 of its levels.

You collected 128 gold pieces.

Inventory:

Hand Weapons
 a - a +0 war axe (weapon)
Missiles
 v - 2 tomahawks (quivered)
Armour
 c - a +0 shield (worn)
 m - a +0 hat (worn)
 s - a +1 pair of boots (worn)
 x - a +0 plate armour (worn)
Jewellery
 q - an uncursed ring of fire
Wands
 e - a wand of heal wounds (6/9)
Scrolls
 d - a scroll of recharging
 g - a scroll of blinking
 i - a scroll of identify
 k - 2 scrolls of remove curse
Potions
 b - a potion of cancellation
Comestibles
 f - 3 bread rations
 j - 4 meat rations
 p - a beef jerky
 r - 3 fruits


   Skills:
 + Level 4.9 Fighting
 + Level 5.5 Axes
 + Level 3.7 Armour
 - Level 3.2 Shields
 * Level 4.6 Evocations


You had 6 spell levels left.
You didn't know any spells.

Dungeon Overview and Level Annotations

Branches:
Dungeon (4/15)             Temple (1/1) D:4

Altars:
Ashenzari
Cheibriados
Dithmenos
Elyvilon
Fedhas
Gozag
Hepliaklqana
Kikubaaqudgha
Makhleb
Nemelex Xobeh
Okawaru
Qazlal
Ru
Sif Muna
Trog
Uskayaw
Vehumet
Xom
Yredelemnul
Zin
The Shining One

Annotations:
D:4 Duvessa


Innate Abilities, Weirdness & Mutations

You are resistant to damage.
You can recharge devices by infusing magical energy.
You passively map a small area around you.
You do not regenerate.


Message History

Dowan casts a spell at you. You resist with almost no effort.
Duvessa hits you with a rapier. Dowan gestures at you while chanting.
You are outlined in light.
You closely miss Dowan.
Dowan is almost dead.
You barely miss Duvessa. Duvessa hits you but does no damage. x2
Dowan hits you but does no damage.
You hit Dowan.
You kill Dowan!
Makhleb accepts your kill.
Duvessa screams in rage.
Duvessa goes berserk!
You feel your dexterity returning.
You hit Duvessa. You block Duvessa's attack. Duvessa hits you with a rapier!
* * * LOW HITPOINT WARNING * * *
You hit Duvessa but do no damage.
Duvessa is almost dead.
Duvessa hits you with a rapier!
You die...

#######.#
#.####.##.#(##.#..#
........# , #.#
#............#
.######## , #.#
####.####.#.## .# *
*#.# #.# #.#.# .#
#.# #. #.#.# .# *
#.# #. *#.#.. .# #*
*#.# , .....# .###
#...##.#########
*#.#.)## >..#
#.......)@e.(....
.. .... .#.#
##...##.#########
#.## .#.# ##.* #.#
#.# .#.# # ###.#
#.# .#.# #.... *
#.## .#.#######
#.### *##
########...
.#.......# #. .. ,
.........#.
.#######.###.###.#
########...
*....[.......<...#
#######.##


You could see Duvessa (berserk).

Vanquished Creatures
  The ghost of Periaitorperimetra the Skirmisher, an amateur VSBe of Trog (D:4)
  A phantom (D:4)
  The ghost of Alarkh the Chopper, an amateur DsMo (D:3)
  Dowan (D:4)
  An orc priest (D:3)
  Ijyb (D:2)
  Terence (D:3)
  3 gnolls
  2 adders
  2 oozes
  A worm (D:3)
  3 dart slugs
  A leopard gecko (D:4)
  8 orcs (D:3)
  2 giant cockroaches (D:3)
  5 goblins
  8 hobgoblins
  2 jackals (D:3)
  9 kobolds
  8 bats
  4 frilled lizards
  A rat (D:3)
66 creatures vanquished.

Notes
Turn   | Place    | Note
-------+----------+-------------------------------------------
     0 | D:1      | dngmouse the Deep Dwarf Fighter began the quest for the Orb.
     0 | D:1      | Reached XP level 1. HP: 20/20 MP: 1/1
   221 | D:1      | Reached XP level 2. HP: 27/27 MP: 2/2
   845 | D:2      | Reached skill level 3 in Axes
   845 | D:2      | Reached XP level 3. HP: 22/34 MP: 3/3
   919 | D:2      | Noticed Ijyb
   939 | D:2      | Killed Ijyb
   939 | D:2      | Reached XP level 4. HP: 16/44 MP: 4/4
  1544 | D:3      | Reached skill level 4 in Axes
  1635 | D:3      | Noticed Terence
  1658 | D:3      | Killed Terence
  1776 | D:3      | Reached XP level 5. HP: 25/50 MP: 5/5
  2017 | D:3      | Noticed Alarkh's ghost (amateur DsMo)
  2061 | D:3      | HP: 1/50 [Alarkh's ghost (3)]
  2104 | D:3      | Killed Alarkh's ghost
  2196 | D:3      | Reached XP level 6. HP: 28/58 MP: 7/7
  2651 | D:3      | Found a deep blue altar of Sif Muna.
  3027 | D:4      | Reached skill level 5 in Axes
  3104 | D:4      | Found a staircase to the Ecumenical Temple.
  3123 | D:4      | Noticed Periaitorperimetra's ghost (amateur VSBe)
  3137 | Temple   | Entered the Ecumenical Temple
  3295 | Temple   | Became a worshipper of Makhleb the Destroyer
  3351 | D:4      | Killed Periaitorperimetra's ghost
  3351 | D:4      | Reached XP level 7. HP: 7/66 MP: 8/10
  3428 | D:4      | Noticed Duvessa
  3428 | D:4      | Noticed Dowan
  3441 | D:4      | Killed Dowan
  3442 | D:4      | Slain by Duvessa

Skill      XL: |  1  2  3  4  5  6 |
---------------+-------------------+-----
Fighting       | 3 4 |  4.9
Axes           | 3 4 5 |  5.5
Evocations     | 2 4 |  4.6
Armour         | |  3.7
Shields        | |  3.2

Action                   |  1- 3 |  4- 6 |  7- 9 || total
-------------------------+-------+-------+-------++-------
Melee: War axe           |    75 |   250 |    11 ||   336
       Spear             |       |    49 |       ||    49
Throw: Throwing net      |       |       |     1 ||     1
Evoke: Wand              |       |     2 |     1 ||     3
  Use: Potion            |       |    12 |       ||    12
       Scroll            |       |     7 |       ||     7
  Eat: Chunk             |       |     9 |       ||     9
Armor: Scale mail        |    15 |       |       ||    15
       Chain mail        |    25 |    27 |       ||    52
       Plate armour      |       |   116 |    12 ||   128
       Skin              |       |    19 |       ||    19
Dodge: Dodged            |    28 |    49 |     2 ||    79
Block: Shield            |    30 |   129 |     6 ||   165
